PBL
PORTLAND ANGELS @ OAKLAND OAKS
10/08/2047
 
TOP OF THE 1ST
Kelowna Heat batting - Pitching for Oakland Oaks : RHP Taylor Pearson
Pitching: RHP Taylor Pearson
Batting: RHB Jesus Payano 0-0: Called Strike
0-1: Foul Ball, location: 2F
0-2: Ball
1-2: Foul Ball, location: 2F
1-2: Strikes out swinging
Batting: RHB Johnny Sandoval 0-0: Called Strike
0-1: Foul Ball, location: 2F
0-2: Fly out, F8 (Line Drive, 8RM, EV 92.5 MPH)
Batting: RHB Leo Loetzsch 0-0: Ball
1-0: Fly out, F4 (Popup, 4M, EV 49.4 MPH)
Top of the 1st over - 0 runs, 0 hits, 0 errors, 0 left on base; Kelowna 0 - Oakland 0
BOTTOM OF THE 1ST
Oakland Oaks batting - Pitching for Kelowna Heat : RHP Omar Carrillo
Pitching: RHP Omar Carrillo
Batting: RHB Josh Rucker 0-0: Called Strike
0-1: Swinging Strike
0-2: Ball
1-2: Ball
2-2: Foul Ball, location: 2F
2-2: Ball
3-2: Foul Ball, location: 2F
3-2: Ground out 5-3 (Groundball, 56S, EV 78.8 MPH)
Batting: RHB Fathi Addae 0-0: Fly out, F8 (Flyball, 8LD, EV 81.3 MPH)
Batting: LHB Angel Sanchez 0-0: Ball
1-0: Ball
2-0: Ball
3-0: Called Strike
3-1: Called Strike
3-2: Strikes out swinging
Bottom of the 1st over - 0 runs, 0 hits, 0 errors, 0 left on base; Kelowna 0 - Oakland 0
TOP OF THE 2ND
Kelowna Heat batting - Pitching for Oakland Oaks : RHP Taylor Pearson
Batting: LHB Jimmy Hannon 0-0: Ball
1-0: Ground out 6-3 (Groundball, 6, EV 105.0 MPH)
Batting: LHB Hugo Juarez 0-0: Ball
1-0: Called Strike
1-1: Foul Ball, location: 2F
1-2: SINGLE (Line Drive, 7S, EV 94.4 MPH)
Batting: RHB Edwin Soto 0-0: Ball
1-0: Foul Ball, location: 2F
1-1: Ball
Hugo Juarez is caught stealing 2nd base 2-4
2-1: Foul Ball, location: 2F
2-2: Foul Ball, location: 2F
2-2: Ball
3-2: Hit by Pitch
Batting: RHB Genbe Takei 0-0: Ball
1-0: SINGLE (Groundball, 34D, EV 106.9 MPH)
Edwin Soto to second
Runner from 2nd tries for 3rd, SAFE, throw by RF made to third
Batting: RHB Waki Matsui 0-0: Fly out, F8 (Flyball, 8RS, EV 75.6 MPH)
Top of the 2nd over - 0 runs, 2 hits, 0 errors, 2 left on base; Kelowna 0 - Oakland 0
BOTTOM OF THE 2ND
Oakland Oaks batting - Pitching for Kelowna Heat : RHP Omar Carrillo
Batting: RHB Dunlang Clark 0-0: Swinging Strike
0-1: Swinging Strike
0-2: Fly out, F9 (Flyball, 9S, EV 93.1 MPH)
Batting: SHB Nelson Powell 0-0: DOUBLE (Line Drive, 9LS, EV 98.8 MPH)
Batting: LHB Ruben Garcia 0-0: Ball
1-0: Ball
2-0: Ball
3-0: Called Strike
3-1: Ground out 5-3 (Groundball, 5, EV 81.9 MPH)
Batting: RHB Devin Arnold 0-0: Ball
1-0: Ball
2-0: Ball
3-0: Called Strike
3-1: Foul Ball, location: 2F
3-2: SINGLE (Groundball, 4MD, EV 99.4 MPH)
Nelson Powell to third
Nelson Powell scores
Batting: LHB Matt Pollock 0-0: Foul Ball, location: 2F
0-1: Ball
1-1: Foul Ball, location: 2F
1-2: Ball
2-2: Foul Ball, location: 2F
2-2: Foul Ball, location: 2F
2-2: Foul Ball, location: 2F
2-2: Foul Ball, location: 2F
2-2: Foul Ball, location: 2F
2-2: Ball
3-2: Foul Ball, location: 2F
3-2: Hit by Pitch
Devin Arnold to second
Batting: SHB Taylor Pearson 0-0: Ground out 4-3 (Groundball, 4, EV 85.6 MPH)
Bottom of the 2nd over - 1 run, 2 hits, 0 errors, 2 left on base; Kelowna 0 - Oakland 1
TOP OF THE 3RD
Kelowna Heat batting - Pitching for Oakland Oaks : RHP Taylor Pearson
Batting: RHB Omar Carrillo 0-0: Fly out, F9 (Line Drive, 9, EV 93.1 MPH)
Batting: RHB Jesus Payano 0-0: Ground out 5-3 (Groundball, 56S, EV 86.9 MPH)
Batting: RHB Johnny Sandoval 0-0: Called Strike
0-1: TRIPLE (Line Drive, 89XD, EV 106.9 MPH)
Batting: RHB Leo Loetzsch 0-0: Ball
1-0: Called Strike
1-1: Foul Ball, location: 2F
1-2: Ball
2-2: Strikes out swinging
Top of the 3rd over - 0 runs, 1 hit, 0 errors, 1 left on base; Kelowna 0 - Oakland 1
BOTTOM OF THE 3RD
Oakland Oaks batting - Pitching for Kelowna Heat : RHP Omar Carrillo
Batting: RHB Josh Rucker 0-0: Called Strike
0-1: Called Strike
0-2: Strikes out swinging
Batting: RHB Fathi Addae 0-0: Ball
1-0: Ground out 4-3 (Groundball, 34, EV 84.4 MPH)
Batting: LHB Angel Sanchez 0-0: Called Strike
0-1: Ground out 6-3 (Groundball, 6, EV 83.1 MPH)
Bottom of the 3rd over - 0 runs, 0 hits, 0 errors, 0 left on base; Kelowna 0 - Oakland 1
TOP OF THE 4TH
Kelowna Heat batting - Pitching for Oakland Oaks : RHP Taylor Pearson
Batting: LHB Jimmy Hannon 0-0: Ground out 4-3 (Groundball, 4M, EV 105.6 MPH)
Batting: LHB Hugo Juarez 0-0: Ball
1-0: Ball
2-0: Foul Ball, location: 2F
2-1: Foul Ball, location: 2F
2-2: Foul Ball, location: 2F
2-2: Strikes out looking
Batting: RHB Edwin Soto 0-0: Ball
1-0: Swinging Strike
1-1: Ball
2-1: Ball
3-1: Swinging Strike
3-2: DOUBLE (Line Drive, 9LS, EV 107.5 MPH)
Batting: RHB Genbe Takei 0-0: Ball
1-0: Foul Ball, location: 2F
1-1: Ball
2-1: Ball
3-1: Called Strike
3-2: SINGLE (Groundball, 4MD, EV 96.3 MPH)
Edwin Soto to third
Edwin Soto scores
Batting: RHB Waki Matsui 0-0: Swinging Strike
0-1: Fly out, F9 (Line Drive, 9, EV 100.0 MPH)
Top of the 4th over - 1 run, 2 hits, 0 errors, 1 left on base; Kelowna 1 - Oakland 1
BOTTOM OF THE 4TH
Oakland Oaks batting - Pitching for Kelowna Heat : RHP Omar Carrillo
Batting: RHB Dunlang Clark 0-0: Called Strike
0-1: Ball
1-1: Swinging Strike
1-2: Ball
2-2: Strikes out swinging
Batting: SHB Nelson Powell 0-0: Ball
1-0: Ball
2-0: Called Strike
2-1: SINGLE (Groundball, 6S, EV 78.8 MPH) (infield hit)
Batting: LHB Ruben Garcia 0-0: Called Strike
0-1: Ball
1-1: Ball
Nelson Powell steals 2nd base
2-1: SINGLE (Groundball, 4D, EV 102.5 MPH)
Nelson Powell to third
Runner from 3rd tries for Home, SAFE, throw by RF to home
Batting: RHB Devin Arnold 0-0: Fly out, F9 (Flyball, 89S, EV 92.5 MPH)
Batting: LHB Matt Pollock 0-0: Called Strike
0-1: Ball
1-1: Swinging Strike
1-2: Foul Ball, location: 2F
1-2: Strikes out swinging
Bottom of the 4th over - 1 run, 2 hits, 0 errors, 1 left on base; Kelowna 1 - Oakland 2
TOP OF THE 5TH
Kelowna Heat batting - Pitching for Oakland Oaks : RHP Taylor Pearson
Batting: RHB Omar Carrillo 0-0: Called Strike
0-1: Ball
1-1: Foul Ball, location: 2F
1-2: Ball
2-2: Strikes out looking
Batting: RHB Jesus Payano 0-0: Ball
1-0: Swinging Strike
1-1: Foul Ball, location: 2F
1-2: Strikes out looking
Batting: RHB Johnny Sandoval 0-0: Foul Ball, location: 2F
0-1: Ground out 6-3 (Groundball, 6, EV 82.5 MPH)
Top of the 5th over - 0 runs, 0 hits, 0 errors, 0 left on base; Kelowna 1 - Oakland 2
BOTTOM OF THE 5TH
Oakland Oaks batting - Pitching for Kelowna Heat : RHP Omar Carrillo
Batting: SHB Taylor Pearson 0-0: Foul Ball, location: 2F
0-1: Ball
1-1: Ball
2-1: Ground out 4-3 (Groundball, 4, EV 95.0 MPH)
Batting: RHB Josh Rucker 0-0: Ball
1-0: Ball
2-0: Ball
3-0: Base on Balls
Batting: RHB Fathi Addae 0-0: Ball
1-0: Called Strike
1-1: Ball
2-1: Fly out, F9 (Flyball, 9S, EV 83.8 MPH)
Batting: LHB Angel Sanchez 0-0: Called Strike
0-1: Swinging Strike
0-2: Ball
1-2: 2-RUN HOME RUN (Flyball, 9D, EV 103.1 MPH), Distance : 437 ft
Batting: RHB Dunlang Clark 0-0: SINGLE (Flyball, 7LM, EV 90.0 MPH)
Batting: SHB Nelson Powell 0-0: Ball
Dunlang Clark is caught stealing 2nd base 2-6
Bottom of the 5th over - 2 runs, 2 hits, 0 errors, 0 left on base; Kelowna 1 - Oakland 4
TOP OF THE 6TH
Kelowna Heat batting - Pitching for Oakland Oaks : RHP Taylor Pearson
Batting: RHB Leo Loetzsch 0-0: Called Strike
0-1: Ball
1-1: Ball
2-1: Swinging Strike
2-2: Ball
3-2: SINGLE (Groundball, 6, EV 80.0 MPH) (infield hit)
Batting: LHB Jimmy Hannon 0-0: Ball
1-0: Foul Ball, location: 2F
1-1: Fly out, F3 (Popup, 3S, EV 74.4 MPH)
Batting: LHB Hugo Juarez 0-0: Called Strike
0-1: Ball
1-1: Called Strike
1-2: Strikes out swinging
Batting: RHB Edwin Soto 0-0: Called Strike
0-1: Ball
1-1: Called Strike
1-2: Ball
2-2: Strikes out swinging, 2-3 out at first.
Top of the 6th over - 0 runs, 1 hit, 0 errors, 1 left on base; Kelowna 1 - Oakland 4
BOTTOM OF THE 6TH
Oakland Oaks batting - Pitching for Kelowna Heat : RHP Omar Carrillo
Pitching: RHP Kuang-yin Chou
Now at C: Emilio Cordero
Batting: SHB Nelson Powell 0-0: Called Strike
0-1: Swinging Strike
0-2: Foul Ball, location: 2F
0-2: Ball
1-2: Ball
2-2: Strikes out swinging
Batting: LHB Ruben Garcia 0-0: Swinging Strike
0-1: Swinging Strike
0-2: Foul Ball, location: 2F
0-2: Ball
1-2: Ball
2-2: Strikes out swinging
Batting: RHB Devin Arnold 0-0: Called Strike
0-1: Ball
1-1: Ball
2-1: Ground out 4-3 (Groundball, 4, EV 85.0 MPH)
Bottom of the 6th over - 0 runs, 0 hits, 0 errors, 0 left on base; Kelowna 1 - Oakland 4
TOP OF THE 7TH
Kelowna Heat batting - Pitching for Oakland Oaks : RHP Taylor Pearson
Pitching: RHP Stephen McClain
Batting: RHB Genbe Takei 0-0: Called Strike
0-1: Ball
1-1: Ball
2-1: Called Strike
2-2: Strikes out swinging
Batting: RHB Waki Matsui 0-0: Ball
1-0: Called Strike
1-1: Ball
2-1: SINGLE (Line Drive, 8LS, EV 97.5 MPH)
Batting: LHB Emilio Cordero 0-0: Ball
1-0: Swinging Strike
1-1: Ball
2-1: Foul Ball, location: 2F
2-2: Ground out U3 (Groundball, 3, EV 81.3 MPH)
Waki Matsui to second
Batting: RHB Jesus Payano 0-0: Swinging Strike
0-1: Ground out 5-3 (Groundball, 56S, EV 83.8 MPH)
Top of the 7th over - 0 runs, 1 hit, 0 errors, 1 left on base; Kelowna 1 - Oakland 4
BOTTOM OF THE 7TH
Oakland Oaks batting - Pitching for Kelowna Heat : RHP Kuang-yin Chou
Batting: LHB Matt Pollock 0-0: Ball
1-0: Ball
2-0: Called Strike
2-1: Fly out, F5 (Popup, 5, EV 64.4 MPH)
Pinch Hitting: LHB Jose Zamarripa 0-0: Foul Ball, location: 2F
0-1: Ball
1-1: Ball
2-1: Foul Ball, location: 2F
2-2: Foul Ball, location: 2F
2-2: DOUBLE (Line Drive, 7LM, EV 96.3 MPH)
Batting: RHB Josh Rucker 0-0: Ball
1-0: Swinging Strike
1-1: Foul Ball, location: 2F
1-2: Strikes out looking
Batting: RHB Fathi Addae 0-0: Swinging Strike
0-1: Called Strike
0-2: Strikes out swinging
Bottom of the 7th over - 0 runs, 1 hit, 0 errors, 1 left on base; Kelowna 1 - Oakland 4
TOP OF THE 8TH
Kelowna Heat batting - Pitching for Oakland Oaks : RHP Stephen McClain
Pitching: RHP Chris Faulkner
Batting: RHB Johnny Sandoval 0-0: Ball
1-0: Ball
2-0: Called Strike
2-1: Swinging Strike
2-2: Hit by Pitch
Batting: RHB Leo Loetzsch 0-0: Ball
1-0: Called Strike
1-1: Foul Ball, location: 2F
1-2: Strikes out swinging
Batting: LHB Jimmy Hannon 0-0: Called Strike
0-1: Foul Ball, location: 2F
0-2: DOUBLE (Line Drive, 89M, EV 95.6 MPH)
Johnny Sandoval to third
Runner from 3rd tries for Home, SAFE, throw by CF to home
Batting: LHB Hugo Juarez 0-0: Called Strike
0-1: Swinging Strike
0-2: Foul Ball, location: 2F
0-2: Strikes out swinging
Pinch Hitting: RHB Edgar Silva 0-0: Called Strike
0-1: Ball
1-1: Swinging Strike
1-2: Ball
2-2: Strikes out looking
Top of the 8th over - 1 run, 1 hit, 0 errors, 1 left on base; Kelowna 2 - Oakland 4
BOTTOM OF THE 8TH
Oakland Oaks batting - Pitching for Kelowna Heat : RHP Kuang-yin Chou
Pitching: RHP Ricardo Lopez
Batting: LHB Angel Sanchez 0-0: Ball
1-0: Foul Ball, location: 2F
1-1: SINGLE (Flyball, 3D, EV 90.0 MPH)
Batting: RHB Dunlang Clark 0-0: Foul Ball, location: 2F
0-1: Ball
Angel Sanchez is caught stealing 2nd base 2-4
1-1: Fly out, F9 (Line Drive, 9, EV 91.3 MPH)
Batting: SHB Nelson Powell 0-0: Called Strike
0-1: Swinging Strike
0-2: Ball
1-2: Fly out, F8 (Flyball, 89D, EV 95.6 MPH)
Bottom of the 8th over - 0 runs, 1 hit, 0 errors, 0 left on base; Kelowna 2 - Oakland 4
TOP OF THE 9TH
Kelowna Heat batting - Pitching for Oakland Oaks : RHP Chris Faulkner
Pitching: RHP Gavin Cahill
Batting: RHB Genbe Takei 0-0: Called Strike
0-1: Called Strike
0-2: Foul Ball, location: 2F
0-2: TRIPLE (Flyball, 8RXD, EV 100.6 MPH)
Pinch Hitting: RHB Antonio Bautista 0-0: Ball
1-0: Called Strike
1-1: Foul Ball, location: 2F
1-2: Fly out, F9 (Line Drive, 9, EV 85.6 MPH)
Runner from 3rd tags up, SCORES, no throw by RF
Batting: LHB Emilio Cordero 0-0: Ball
1-0: Ball
2-0: Called Strike
2-1: Foul Ball, location: 2F
2-2: Ball
3-2: Foul Ball, location: 2F
3-2: Base on Balls
Pitching: RHP Chad Crisp
Batting: RHB Jesus Payano 0-0: Ball
1-0: Called Strike
1-1: Grounds into double play, 6-4-3 (Groundball, 6, EV 86.3 MPH)
Top of the 9th over - 1 run, 1 hit, 0 errors, 0 left on base; Kelowna 3 - Oakland 4
Thursday, December 15th , 2022 - OOTP Baseball 23.9 Build 102